Description

  • Adapted Partings 4 gate build to be more economic for ladder play. You should have fully saturated 3 bases at 7:40, with a fourth being made shortly after.

  • This build allows you to put blink stalker aggression onto the Terran player and take a third on the back of it.

  • The disruptor will serve as your aoe unit to defend against Terran attacks in the mid-game.

  • The economy of this build allows you to get multi-pronged aoe by 10 minutes: Disruptors, Colossus, and High Templars.

Build Order

Get SALT Encoding   

  14  0:18  Pylon  
  15  0:38  Gateway  
  16  0:48  Assimilator  
  20  1:25  Cybernetics Core  
  20  1:33  Nexus  
  20  1:36  Pylon  
  21  1:51  Assimilator  
  22  2:01  Adept (Chrono Boost)  
  24  2:08  Warp Gate  
  24  2:11  Shield Battery  
  25  2:21  Stalker (Chrono Boost)  
  28  2:32  Twilight Council  
  29  2:39  Pylon  
  30  2:57  Robotics Facility  
  33  3:15  Blink (Chrono Boost)  
  36  3:31  Gateway x3  
  38  3:44  Observer (Chrono Boost)  
  40  3:56  Pylon  
  40  3:58  Warp Prism (Chrono Boost)  
  44  4:11  Stalker  
  48  4:24  Assimilator  
  49  4:27  Observer (Chrono Boost)  
  49  4:28  Pylon  
  49  4:31  Stalker x2  
  55  4:45  Pylon  
  55  4:52  Stalker x5  
  63  5:07  Shield Battery  
  65  5:15  Robotics Bay  
  65  5:30  Assimilator, Nexus  
  65  5:32  Pylon  
  69  5:57  Stalker  
  71  5:55  Stalker x3  
  78  6:00  Charge (Chrono Boost)  
  79  6:02  Disruptor (Chrono Boost) Produce until you have 4  
  85  6:25  Forge x2  
  90  6:36  Gravitic Boosters Observer Speed  
  94  6:56  Gateway x4  
  94  7:00  Protoss Ground Weapons Level 1 (Chrono Boost)  
  94  7:01  Protoss Ground Armor Level 1 (Chrono Boost)  
  100  7:29  Templar Archives  
  115  7:55  Nexus  
  115  7:56  Pylon  
  118  8:00  Extended Thermal Lance (Chrono Boost)  
  120  8:05  Psionic Storm (Chrono Boost)  
  120  8:10  Robotics Facility  
  120  8:30  Gateway x4  
  123  8:40  Gateway x2  
  124  8:55  High Templar x4  
  134  9:00  Protoss Ground Weapons Level 2 (Chrono Boost)  
  134  9:01  Protoss Ground Armor Level 2 (Chrono Boost)  
  142  9:33  Colossus x2 (Chrono Boost)  
  164  9:55  High Templar x4 Make 2 Archons  
  176  10:28  Colossus x2 (Chrono Boost)  
  190  11:00  Protoss Ground Weapons Level 3 (Chrono Boost)  
  190  11:01  Protoss Ground Armor Level 3 (Chrono Boost)  
  200  12:20  Gateway x12  
  200  12:40  Robotics Facility x2  
Spawning Tool Build Advisor. Get it on Overwolf

Analysis

  • The stalkers you make in the first 6 minutes will need to stay alive due to the gas requirement of the timings.

  • When you are putting pressure on the opponent the objective is not to kill him, it is to put him into a defensive position.

  • You must use your stalkers to restrict his map control and to defend drop play.

  • The immediate research of charge is because you stop stalker production and make zealots for your army at that point, along with your aoe units.

Go to:

Details

  • Created by: TaeTae
  • Published on: Jul 13, 2020
  • Modified on: Jul 13, 2020
  • Patch: 4.11.0
  • Difficulty: Medium
Show
View Real Time Build Order
Export as new Build Order

Comments (0)

There are no comments. Be the first!

Create an account to comment!